AoeStats
← CodyTheSec

Nomad

504428127Analyzed
4v4 RM · 26d ago on Sep 5, 2026· 51m 50s· 8 players
Game mode
Random Map
Map size
231×231
Population
200
Speed
Normal
Resources
Standard
Victory
Conquest
Starting age
Dark Age
Ending age
Imperial Age
RankedLock teamsTeams togetherTeam positionsShared explorationLock speedFull tech treeHidden civsTurbo modeCheats
Victory
Defeat
🇨🇳 Burgundians · China
913
+15
🇨🇳 Teutons · China
906
+16
🇹🇭 Huns · Thailand
894
+16
🇹🇭 Teutons · Thailand
779
+21
🇫🇷 Sicilians · France
988
-21
🇹🇷 Japanese · Türkiye
928
-18
🇬🇧 Persians · United Kingdom
864
-16
🇨🇱 Burgundians · Chile
805
-13
CodyTheSec
13:13 Loom
15:08 Feudal Age
17:49 Double-Bit Axe
20:50 Castle Age
19:38 Horse Collar
22:27 Wheelbarrow
27:30 Heavy Plow
27:43 Bow Saw
29:36 Stone Mining
33:45 Scale Mail Armor
36:07 Gold Mining
36:50 Chain Mail Armor
40:20 Imperial Age
38:13 Forging
39:05 Hand Cart
38:41 Town Watch
39:40 Iron Casting
40:11 Squires
39:34 Pikeman
40:01 Gambesons
40:01 Arson
41:24 Conscription
40:27 Elite Teutonic Knight
42:19 Blast Furnace
45:06 Crenellations
45:33 Crop Rotation
46:11 Plate Mail Armor
kokoa
9:52 Loom
16:19 Feudal Age
15:31 Double-Bit Axe
22:12 Castle Age
20:32 Horse Collar
21:04 Stone Mining
28:08 Heavy Plow
30:47 Gold Mining
31:52 Bow Saw
36:11 Imperial Age
34:17 Wheelbarrow
34:33 Crop Rotation
34:06 Husbandry
33:58 Town Watch
34:06 Cavalier
35:30 Burgundian Vineyards
36:37 Hand Cart
36:53 Forging
36:49 Scale Barding Armor
37:30 Conscription
39:03 Chemistry
38:53 Paladin
40:34 Iron Casting
40:20 Chain Barding Armor
41:43 Stone Shaft Mining
41:43 Gold Shaft Mining
43:44 Plate Barding Armor
44:09 Blast Furnace
43:10 Padded Archer Armor
44:45 Murder Holes
44:32 Treadmill Crane
50:30 Leather Archer Armor
Zozimbo
4:20 Loom
17:57 Feudal Age
23:23 Castle Age
25:45 Gold Mining
25:48 Stone Mining
26:33 Husbandry
33:03 Imperial Age
31:22 Gold Shaft Mining
32:27 Medium Warships
34:24 Heavy Warships
35:57 Cavalier
47:11 Paladin
48:00 Scale Barding Armor
47:55 Scale Mail Armor
48:05 Forging
chentao_1209
13:51 Feudal Age
20:27 Castle Age
18:43 Horse Collar
20:51 Wheelbarrow
20:05 Double-Bit Axe
24:32 Heavy Plow
25:51 Bow Saw
27:17 Hand Cart
28:45 Gold Mining
29:45 Fishing Lines
31:17 Scale Barding Armor
34:22 Imperial Age
33:25 Bloodlines
34:27 Cavalier
37:05 Two-Man Saw
35:47 Paladin
36:59 Chain Barding Armor
36:50 Forging
37:49 Chemistry
37:10 Ballistics
37:19 Masonry
38:18 Fletching
41:51 Bodkin Arrow
41:57 Padded Archer Armor
45:24 Gillnets
Crimson_Tide
14:42 Feudal Age
16:59 Wheelbarrow
22:08 Castle Age
21:21 Double-Bit Axe
21:19 Horse Collar
22:11 Demolition Ship
22:36 Fishing Lines
23:32 Stone Mining
24:00 Gillnets
25:04 Hand Cart
25:57 Gold Mining
27:12 Loom
27:56 Medium Warships
31:08 Bow Saw
33:41 Imperial Age
31:43 Yasama
32:14 Town Watch
36:25 Chemistry
35:46 Ballistics
36:00 Squires
35:48 Gambesons
35:25 Pikeman
36:35 Scale Mail Armor
36:35 Padded Archer Armor
36:26 Fletching
36:46 Forging
37:15 Kataparuto
37:16 Conscription
38:05 Heavy Warships
37:50 Elite Skirmisher
38:39 Thumb Ring
38:55 Treadmill Crane
39:25 Clinker Construction
39:43 Leather Archer Armor
49:28 Elite Samurai
50:51 Halberdier
51:17 Arson
52:03 Chain Mail Armor
52:24 Iron Casting
51:44 Bodkin Arrow
SaltyAF
12:36 Loom
14:58 Feudal Age
15:40 Double-Bit Axe
15:48 Fishing Lines
18:31 Gold Mining
21:05 Scale Mail Armor
21:11 Scale Barding Armor
20:58 Fletching
21:08 Padded Archer Armor
21:20 Forging
24:21 Castle Age
24:25 Stone Mining
25:23 Thumb Ring
24:39 Crossbowman
25:22 Husbandry
25:33 Bloodlines
25:15 Horse Collar
26:35 Gillnets
28:45 Caravan
29:23 Bodkin Arrow
30:45 Squires
30:05 Pikeman
32:35 Bow Saw
33:22 Gold Shaft Mining
35:09 Chain Barding Armor
35:06 Leather Archer Armor
35:26 Iron Casting
35:31 Wheelbarrow
34:41 Town Watch
37:15 Heavy Plow
38:13 Hand Cart
38:28 Clinker Construction
38:48 Masonry
42:13 Imperial Age
40:19 Ballistics
39:55 Murder Holes
40:33 Chain Mail Armor
41:09 Medium Warships
40:27 Demolition Ship
41:42 Heated Shot
41:59 Siphons
42:07 Careening
42:43 Halberdier
42:49 Cavalier
43:37 Kamandaran
43:58 Conscription
44:14 Hoardings
44:50 Chemistry
44:23 Ring Archer Armor
44:29 Plate Barding Armor
44:54 Blast Furnace
44:25 Plate Mail Armor
45:03 Heavy Warships
BillyBat
4:01 Loom
15:51 Feudal Age
17:07 Wheelbarrow
21:17 Castle Age
19:31 Forging
19:22 Scale Mail Armor
20:07 Double-Bit Axe
20:12 Horse Collar
21:02 Fishing Lines
21:21 Gold Mining
21:45 Stone Mining
22:46 Iron Casting
22:27 Chain Mail Armor
22:34 Bow Saw
23:39 Hand Cart
25:10 Gillnets
26:25 Heavy Plow
33:07 Imperial Age
32:12 Gold Shaft Mining
33:12 Ballistics
34:15 First Crusade
35:58 Blast Furnace
36:43 Crop Rotation
37:35 Conscription
38:03 Plate Mail Armor
38:09 Medium Warships
39:12 Heated Shot
39:18 Murder Holes
40:20 Elite Serjeant
43:17 Heavy Warships
snoow.wolf.96
6:07 Loom
8:28 Fishing Lines
13:38 Wheelbarrow
18:14 Feudal Age
17:42 Double-Bit Axe
17:39 Horse Collar
18:39 Gold Mining
18:43 Stone Mining
20:03 Gillnets
22:40 Heavy Plow
22:55 Bow Saw
23:23 Gold Shaft Mining
28:09 Castle Age
26:36 Scale Mail Armor
26:48 Forging
30:33 Two-Man Saw
29:44 Scale Barding Armor
30:15 Iron Casting
29:58 Hand Cart
32:12 Husbandry
32:38 Chain Barding Armor
32:23 Cavalier
36:00 Burgundian Vineyards
41:20 Imperial Age
41:48 Paladin
44:50 Plate Barding Armor
45:16 Blast Furnace
45:44 Murder Holes
46:11 Ballistics
48:51 Town Watch
50:06 Fletching
Connection lost

Rejoining the realm…

Still unreachable

The connection could not be restored.

Session expired

The server has moved on; the page needs a fresh start.